 Dungeon Crawl Stone Soup version 0.14.0-12-g87ee3b7 (webtiles) character file.

17697 Fungus the Basher (level 11, 79/79 HPs)
             Began as a Demigod Wanderer on Apr 15, 2014.
             Quit the game on Level 2 of the Lair of Beasts on Apr 16, 2014.
             The game lasted 02:09:24 (19036 turns).

Fungus the Basher (Demigod Wanderer)               Turns: 19036, Time: 02:09:24

HP  79/79        AC  9     Str 15      XL: 11   Next: 87%
MP  25/25        EV 16     Int 22      God:
Gold 649         SH  0     Dex 16      Spells:  8 memorised,  0 levels left

rFire  . . .     SeeInvis .     a - +8,+6 mace of Adoaj {freeze, rElec MR++ Dex-1}
rCold  + . .     Clarity  .     h - +2 robe {rC+}
rNeg   . . .     Conserve .     (no shield)
rPois  .         rCorr    .     O - +0 helmet
rElec  +         rRot     .     A - +0 cloak
SustAb . .       Spirit   .     i - +2 pair of gloves
rMut   .         Warding  .     (no boots)
Saprov . . .     Stasis   .     (no amulet)
MR     +++..                    M - ring of regeneration
                                s - +2 ring of evasion

@: extremely resistant to hostile enchantments, stealthy
A: no striking features
a: no special abilities


You were on level 2 of the Lair of Beasts.
You were hungry.

You visited 2 branches of the dungeon, and saw 13 of its levels.

You collected 649 gold pieces.

Inventory:

Hand weapons
 a - the +8,+6 mace of Adoaj (weapon) {freeze, rElec MR++ Dex-1}
   (You found it on level 5 of the Dungeon)

   It has been specially enchanted to freeze those struck by it, causing extra
   injury to most foes and up to double damage against particularly susceptible
   opponents.
   It can also slow down cold-blooded creatures.
   It affects your dexterity (-1).
   It insulates you from electricity.
   It affects your resistance to hostile enchantments.
 b - a +4,+2 sling of frost
 c - a +0 blowgun
Missiles
 t - 5 curare-tipped needles
 x - 45 poisoned needles
 E - 97 sling bullets
 J - 6 needles of sleeping
Armour
 h - a +2 robe of cold resistance (worn)
 i - a +2 pair of gloves (worn)
 A - a +0 cloak (worn)
 O - a +0 helmet (worn)
Magical devices
 k - a wand of magic darts (13)
 n - a wand of fireball (3)
 v - a wand of fire (1)
 C - a wand of enslavement (19)
 K - a wand of magic darts (8)
 Q - a wand of flame (7)
 R - a wand of confusion (11)
Comestibles
 d - 8 rotting chunks of yak flesh
 f - a meat ration
 g - 4 bread rations
 o - a choko
 F - a royal jelly
 I - a rotting chunk of porcupine flesh
Scrolls
 e - 7 scrolls of identify
 m - a scroll of fog
 p - 11 scrolls of remove curse
 q - a scroll of teleportation
 y - a scroll of fear
 B - 2 scrolls of blinking
Jewellery
 s - a +2 ring of evasion (left hand)
 M - a ring of regeneration (right hand)
 N - an uncursed ring of magical power
 P - an uncursed ring of flight
 W - an uncursed ring of teleport control
 Z - a +2 ring of dexterity
Potions
 l - a potion of might
 r - 2 potions of restore abilities
 z - 3 potions of magic
 X - a potion of brilliance
 Y - a potion of invisibility
Books
 u - a book of Transfigurations

   Spells                             Type                      Level
   *Stoneskin                         Transmutation/Earth          2
   *Ice Form                          Ice/Transmutation            4
   Statue Form                        Transmutation/Earth          6
   Dragon Form                        Transmutation                7


   Skills:
 - Level 2.1 Fighting
   Level 2.5 Short Blades
 * Level 11.0 Maces & Flails
 - Level 3.0 Slings
   Level 1.0 Crossbows
 - Level 1.8 Armour
 * Level 4.2 Dodging
 - Level 2.6 Stealth
 - Level 6.0 Unarmed Combat
 - Level 4.0 Spellcasting
 - Level 3.0 Conjurations
 - Level 4.0 Necromancy
 - Level 5.0 Transmutations
 - Level 4.0 Ice Magic
 - Level 3.0 Air Magic
 - Level 6.0 Poison Magic


You couldn't memorise any spells.
You knew the following spells:

 Your Spells              Type           Power        Failure   Level  Hunger
a - Magic Dart            Conj           ###.         3%          1    None
b - Cure Poison           Pois           ####......   1%          2    #......
c - Mephitic Cloud        Conj/Pois/Air  ###.....     8%          3    ###....
i - Ice Form              Ice/Trmt       ###.......   17%         4    ####...
k - Stoneskin             Trmt/Erth      ###.......   8%          2    #......
o - Olgreb's Toxic Radia  Pois           ####....     12%         4    ####...
A - Animate Skeleton      Necr           N/A          1%          1    None
Z - Sting                 Conj/Pois      ###.         1%          1    None


Dungeon Overview and Level Annotations

Branches:
Dungeon (11/15)            Temple (0/1) D:6            Lair (2/8) D:11
    Orc: D:9-12

Shops:
D:5 (   D:8 *

Annotations:
D:3 Terence
D:4 exclusion: skeleton
D:6 curiousnu's ghost, experienced FoFi
D:11 ugly things!


Message History

You swap places.
You swap places.
Some of the chunks of flesh in your inventory have completely rotted away.
There is an open door here.
Some of the chunks of flesh in your inventory have completely rotted away.
You swap places.
There is an open door here.
You smell something rotten. (slot d) Some of the chunks of flesh in your inventory have completely rotted away.
You are feeling hungry.
Eat which item? (? for menu, Esc to quit)
Okay, then.
Some of the chunks of flesh in your inventory have completely rotted away.
You see here a long sword.
Done exploring.
There is a stone staircase leading down here.
Saving game... please wait.
Welcome back, Fungus the Demigod Wanderer.
Press ? for a list of commands and other information.
Are you sure you want to abandon this character and quit the game? (Confirm with "yes".)

##.####.# ##.......#
#....###.# ###.####.#
###
######......f.###.#
#.#............#.##
##..............#####
#.Z#z..#.......#....
##..@Zz..............
#.#zzz...#..##z....##
##.Zz###..#.##...)...
#..Z###.....#.#.....
##..##.######...z.Z.
#.......### #.###ZZZ
##....#...###..##...
##.###..#.##...###.
#..f##.........# ##


You could see a friendly iguana skeleton, a friendly rat skeleton, 2 friendly
green rat skeletons, a friendly porcupine skeleton, a friendly wolf skeleton, a
friendly crocodile skeleton, 2 friendly yak skeletons and a friendly grizzly
bear skeleton.

Vanquished Creatures
  A hydra (Lair:1)
  An unseen horror (D:11)
  3 hill giants
  Joseph (D:10)
  A spiny frog (Lair:1)
  2 wraiths (D:10)
  Eustachio (D:7)
  3 ugly things (D:11)
  3 sharks (Lair:1)
  12 yaks
  11 wolves
  Menkaure (D:6)
  2 porcupines
  5 hippogriffs
  A necrophage (D:8)
  4 water moccasins
  An orc warrior (D:11)
  A black bear (D:5)
  4 giant goldfish (Lair:1)
  4 ogres
  An ice beast (D:8)
  2 sky beasts
  7 centaurs
  A phantom (D:7)
  2 electric eels (Lair:1)
  5 crocodiles
  A giant slug (Lair:1)
  A big kobold (D:11)
  14 giant frogs
  An elf skeleton (D:10)
  A gnoll sergeant (D:9)
  7 scorpions
  6 killer bees (D:7)
  2 wights (D:10)
  3 crimson imps
  3 centaur skeletons
  7 hounds
  5 jellies
  2 big fish (Lair:1)
  4 goliath beetles
  4 human zombies (D:10)
  2 elf zombies (D:10)
  A two-headed ogre skeleton (D:10)
  An iguana (Lair:2)
  4 orc priests
  7 orc wizards
  7 worker ants
  A crocodile zombie (D:8)
  An orange rat (D:7)
  An ogre zombie (D:10)
  12 adders
  11 gnolls
  13 green rats
  A shadow imp (D:7)
  An orc skeleton (D:7)
  A giant mite (Lair:1)
  7 worms
  An adder zombie (D:7)
  3 giant eyeballs
  10 giant geckos
  2 oozes
  22 orcs
  14 bats
  13 hobgoblins
  2 quokkas
  10 giant cockroaches
  A giant gecko skeleton (Lair:1)
  5 giant newts
  2 gnoll skeletons (D:10)
  27 goblins
  A goblin zombie (D:5)
  20 jackals
  24 kobolds
  A kobold skeleton (D:5)
  2 orc zombies
  43 rats
  A rat zombie (D:5)
416 creatures vanquished.

Vanquished Creatures (collateral kills)
  A hill giant (D:10)
  A feature mimic (D:11)
  A fire drake (D:11)
  A grizzly bear (Lair:2)
  2 sharks (Lair:1)
  A hungry ghost (D:11)
  2 yaks (Lair:2)
  An ugly thing (D:11)
  A wolf (Lair:1)
  A hippogriff (Lair:1)
  2 water moccasins (Lair:1)
  A giant goldfish (Lair:1)
  A yellow wasp (D:11)
  A black bear (D:9)
  A big kobold (D:9)
  A giant slug (Lair:1)
  2 giant frogs
  A giant frog zombie (D:9)
  A big fish (Lair:1)
  An iguana (Lair:2)
  A mummy (D:10)
  3 gnolls (D:9)
  4 green rats (Lair:2)
  A giant eyeball (D:10)
  2 giant geckos (Lair:1)
  2 jackals (Lair:1)
  2 kobolds
  A quokka (Lair:1)
  2 rats
42 creatures vanquished.

Vanquished Creatures (others)
  A hill giant skeleton (D:11)
  A human (D:7)
  A fire drake skeleton (D:11)
  A water moccasin skeleton (Lair:1)
  3 giant goldfish skeletons (Lair:1)
  A yak skeleton (Lair:1)
  3 hippogriff skeletons
  4 wolf skeletons (Lair:1)
  2 centaur skeletons
  7 giant frog skeletons
  A porcupine skeleton (Lair:1)
  An ogre skeleton (D:11)
  2 hound skeletons
  An electric eel skeleton (Lair:1)
  2 adder skeletons
  An orc skeleton (D:11)
  A bat skeleton (Lair:2)
  2 giant gecko skeletons
  2 gnoll skeletons
  A hobgoblin skeleton (D:10)
  4 jackal skeletons (Lair:1)
  3 kobold skeletons (D:11)
  4 rat skeletons
  A fungus (Lair:1)
  2 plants (Lair:1)
52 creatures vanquished.

Grand Total: 510 creatures vanquished

Notes
Turn   | Place    | Note
--------------------------------------------------------------
     0 | D:1      | Fungus, the Demigod Wanderer, began the quest for the Orb.
     0 | D:1      | Reached XP level 1. HP: 17/17 MP: 2/2
   320 | D:1      | Reached XP level 2. HP: 7/24 MP: 3/3
   324 | D:1      | HP: 1/24 [giant gecko (4)]
   655 | D:1      | Reached skill level 1 in Dodging
  1251 | D:1      | Reached XP level 3. HP: 21/29 MP: 5/5
  1756 | D:2      | Reached skill level 3 in Unarmed Combat
  2836 | D:2      | Reached XP level 4. HP: 28/36 MP: 7/7
  3315 | D:3      | Noticed Terence
  3628 | D:3      | Reached skill level 1 in Slings
  3628 | D:3      | Reached skill level 4 in Unarmed Combat
  4548 | D:4      | Paralysed by a giant eyeball for 2 turns
  4685 | D:4      | Learned a level 1 spell: Sting
  4688 | D:4      | Learned a level 2 spell: Cure Poison
  4729 | D:4      | Paralysed by a giant eyeball for 2 turns
  4732 | D:4      | Paralysed by a giant eyeball for 4 turns
  4790 | D:4      | Reached skill level 1 in Poison Magic
  4790 | D:4      | Reached XP level 5. HP: 41/41 MP: 8/8
  5404 | D:4      | Reached XP level 6. HP: 23/48 MP: 8/10
  5589 | D:5      | Entered Level 5 of the Dungeon
  6157 | D:5      | Found Xumax's Weapon Boutique.
  6283 | D:5      | Reached skill level 1 in Conjurations
  6882 | D:5      | Reached skill level 5 in Unarmed Combat
  6882 | D:5      | Reached skill level 1 in Spellcasting
  6882 | D:5      | Reached XP level 7. HP: 48/55 MP: 9/14
  6992 | D:5      | Reached skill level 1 in Short Blades
  7014 | D:5      | Got a warped mace
  7015 | D:5      | Identified the +8,+6 mace of Adoaj {freeze, rElec MR++ Dex-1} (You found it on level 5 of the Dungeon)
  7188 | D:6      | Noticed Menkaure
  7198 | D:6      | Killed Menkaure
  7629 | D:6      | Noticed curiousnu's ghost (experienced FoFi)
  7779 | D:6      | Found a staircase to the Ecumenical Temple.
  8366 | D:6      | Reached XP level 8. HP: 61/61 MP: 15/15
  8441 | D:6      | Learned a level 3 spell: Mephitic Cloud
  8687 | D:6      | Reached skill level 1 in Air Magic
  8738 | D:6      | Reached skill level 5 in Maces & Flails
  8999 | D:6      | Found a basalt altar of Yredelemnul.
  9257 | D:7      | Noticed Eustachio
  9393 | D:7      | Reached skill level 6 in Maces & Flails
  9702 | D:7      | Killed Eustachio
 10141 | D:7      | Found an ancient bone altar of Kikubaaqudgha.
 10370 | D:8      | Reached skill level 7 in Maces & Flails
 10370 | D:8      | Reached XP level 9. HP: 60/67 MP: 20/20
 10511 | D:8      | Found an ancient bone altar of Kikubaaqudgha.
 10515 | D:8      | Identified Kikubaaqudgha's Papyrus of Sharkskin
 10519 | D:8      | Learned a level 1 spell: Animate Skeleton
 10522 | D:8      | Found a radiant altar of Vehumet.
 10526 | D:8      | Identified Vehumet's Catalogue of Arcane Weapons
 10531 | D:8      | Found a deep blue altar of Sif Muna.
 10535 | D:8      | Identified Sif Muna's Handbook of Unholy Rituals
 10547 | D:8      | Learned a level 1 spell: Magic Dart
 10573 | D:8      | Found Cuil's Assorted Antiques.
 10851 | D:8      | Found a sparkling altar of Nemelex Xobeh.
 10851 | D:8      | Found a white marble altar of Elyvilon.
 10904 | D:8      | Found a shattered altar of Ashenzari.
 10932 | D:8      | Reached skill level 1 in Necromancy
 11124 | D:8      | Found an iron altar of Okawaru.
 11410 | D:8      | Learned a level 4 spell: Olgreb's Toxic Radiance
 11451 | D:9      | Reached skill level 8 in Maces & Flails
 12329 | D:9      | Noticed an angel
 12330 | D:9      | Found a glowing silver altar of Zin.
 12501 | D:10     | Entered Level 10 of the Dungeon
 12523 | D:10     | Noticed Joseph
 12886 | D:10     | Noticed a hill giant
 12910 | D:10     | Killed a hill giant
 12910 | D:10     | Reached skill level 9 in Maces & Flails
 12960 | D:10     | Noticed a hill giant
 12976 | D:10     | Killed a hill giant
 12976 | D:10     | Reached XP level 10. HP: 73/73 MP: 1/22
 13232 | D:10     | Paralysed by a giant eyeball for 2 turns
 13303 | D:10     | Killed Joseph
 13923 | D:10     | Found a basalt altar of Yredelemnul.
 13931 | D:10     | Reached skill level 5 in Poison Magic
 14270 | D:11     | Noticed a hill giant
 14295 | D:11     | Killed a hill giant
 14523 | D:11     | Reached skill level 10 in Maces & Flails
 14619 | D:11     | Noticed a hill giant
 14643 | D:11     | Killed a hill giant
 14865 | D:11     | Found a staircase to the Lair.
 14886 | Lair:1   | Entered Level 1 of the Lair of Beasts
 15301 | D:11     | Killed an unseen horror
 15301 | D:11     | Reached XP level 11. HP: 46/79 MP: 17/23
 15447 | D:11     | Learned a level 2 spell: Stoneskin
 15933 | D:11     | Reached skill level 1 in Transmutations
 16933 | Lair:1   | Reached skill level 11 in Maces & Flails
 17031 | Lair:1   | Learned a level 4 spell: Ice Form
 17240 | Lair:1   | Reached skill level 1 in Ice Magic
 17911 | Lair:1   | Noticed a six-headed hydra
 17920 | Lair:1   | Killed a six-headed hydra
 18688 | Lair:2   | Reached skill level 5 in Transmutations
 19036 | Lair:2   | Upgraded the game from 0.14.0-9-g9c5475a to 0.14.0-12-g87ee3b7
 19036 | Lair:2   | Quit the game

Action                   |  1- 3 |  4- 6 |  7- 9 | 10-12 || total
-------------------------+-------+-------+-------+-------++-------
Melee: Unarmed           |   301 |    96 |       |    30 ||   427
       Mace              |       |       |   349 |   438 ||   787
       Dagger            |       |       |    19 |       ||    19
 Fire: Sling             |    26 |   134 |    40 |     5 ||   205
       Blowgun           |       |    54 |     5 |       ||    59
Throw: Stone             |     9 |     4 |       |       ||    13
       Dart              |     9 |     3 |    23 |     1 ||    36
 Cast: Sting             |       |    38 |   119 |   100 ||   257
       Cure Poison       |       |     1 |     8 |    20 ||    29
       Animate Skeleton  |       |       |    16 |    61 ||    77
       Mephitic Cloud    |       |       |     7 |    10 ||    17
       Olgreb's Toxic Ra |       |       |     6 |    25 ||    31
       Ice Form          |       |       |       |     3 ||     3
       Stoneskin         |       |       |       |     1 ||     1
Evoke: Wand              |       |       |     2 |     8 ||    10
  Use: Potion            |     5 |       |     2 |     2 ||     9
       Scroll            |     4 |    15 |    10 |    11 ||    40
 Stab: Sleeping          |     1 |     2 |     4 |     9 ||    16
       Distracted        |       |       |     1 |     3 ||     4
       Confused          |       |       |       |     1 ||     1
